 Dungeon Crawl Stone Soup version 0.30.0-5-g1a98f26d00 (webtiles) character file.

Game seed: 17366916317398572975

7436 qeuew the Cleaver (level 10, -1/91 HPs)
             Began as a Minotaur Berserker on May 9, 2023.
             Was an Elder of Trog.
             Slain by Amaemon
             ... wielding a +0 demon whip of venom
              (7 damage)
             ... on level 1 of the Lair of Beasts.
             The game lasted 00:10:01 (6473 turns).

qeuew the Cleaver (Minotaur Berserker)              Turns: 6473, Time: 00:10:02

Health: -1/91      AC: 13    Str: 27    XL:     10   Next: 93%
Magic:  9/9        EV: 15    Int:  8    God:    Trog [****..]
Gold:   423        SH: 14    Dex: 16    Spells: 9/9 levels left

rFire   . . .        a - +1 hand axe
rCold   . . .        b - +4 kite shield of the Unbroken {Harm Dex+4}
rNeg    . . .        e - +1 leather armour
rPois   .            j - +2 hat of Amorality {Str+5}
rElec   .            p - +0 cloak
rCorr   .            q - +0 pair of gloves
SInv    +            (no boots)
Will    ++...        d - amulet of regeneration
Stlth   +            n - +4 ring of protection
HPRegen 2.15/turn    s - ring of see invisible
MPRegen 0.11/turn

%: harm (+30% outgoing, +20% incoming)
@: lethally poisoned (-1 -> -10), weakened, strong-willed, regenerating, slowed,
invisible, very slow
A: horns 2, retaliatory headbutt, clever 1, wild magic 1
a: Renounce Religion, Berserk, Trog's Hand, Brothers in Arms


You were on level 1 of the Lair of Beasts.
You worshipped Trog.
Trog was greatly pleased with you.
You visited 2 branches of the dungeon, and saw 9 of its levels.
You also visited: Sewer.

You collected 423 gold pieces.

Inventory:

Hand Weapons
 a - a +1 hand axe (weapon)
Armour
 b - the +4 kite shield of the Unbroken (worn) {Harm Dex+4}
   (You acquired it on level 2 of the Dungeon)

   Dex:       It affects your dexterity (+4).
   Harm:      It increases damage dealt and taken.
 e - a +1 leather armour (worn)
 j - the +2 hat of Amorality (worn) {Str+5}
   (You acquired it on level 5 of the Dungeon)

   Str:       It affects your strength (+5).
 p - a +0 cloak (worn)
 q - a +0 pair of gloves (worn)
Jewellery
 d - an amulet of regeneration (around neck)
 n - a +4 ring of protection (left hand)
 s - a ring of see invisible (right hand)
Wands
 m - a wand of roots (9)
 r - a wand of paralysis (19)
Scrolls
 g - 2 scrolls of fear
 h - 3 scrolls of identify
 o - 9 scrolls of teleportation
 t - 2 scrolls of enchant armour
 v - a scroll of fog
 w - a scroll of enchant weapon
Potions
 c - 3 potions of haste
 f - a potion of curing
 i - 2 potions of might
 l - 3 potions of flight
 u - 2 potions of cancellation


   Skills:
 + Level 9.0 Fighting
 * Level 12.0 Axes
 + Level 8.5 Armour
 + Level 7.8 Dodging
 + Level 7.0 Shields
 + Level 3.6 Evocations


You had 9 spell levels left.
You didn't know any spells.
Your spell library was empty.

Dungeon Overview and Level Annotations

Branches:
Dungeon (8/15)             Temple (0/1) D:6            Lair (1/5) D:8
  Sewer (visited)

Altars:
Ashenzari
Dithmenos
Elyvilon
Nemelex Xobeh
Sif Muna

Shops:
D:1 (   D:8 **

Annotations:
Lair:1 Amaemon


Innate Abilities, Weirdness & Mutations

You have a pair of horns on your head.
You reflexively headbutt those who attack you in melee.
Your mind is acute. (Int +4, Str/Dex -1)
Your spells are a little harder to cast, but a little more powerful.


Message History

You hit Amaemon.
Amaemon is moderately wounded.
You hit the orange demon but do no damage.
The orange demon completely misses you. You block the orange demon's attack.
Amaemon completely misses you. Amaemon claws you but does no damage.
Amaemon misses you.
Your ogre closely misses Amaemon.
The orange demon barely misses you.
The orange demon hits you but does no damage.
You block Amaemon's attack. Amaemon closely misses you. x2
You catch the helpless Amaemon completely off-guard!
You hit Amaemon but do no damage.
Amaemon is moderately wounded.
You hit the orange demon.
The orange demon no longer looks unusually toxic.
Your ogre barely misses Amaemon.
The orange demon stings you.
* * * LOW HITPOINT WARNING * * *
You are poisoned.
The orange demon poisons you!
The orange demon hits you but does no damage.
Amaemon hits your ogre with a +0 demon whip of venom!!
Amaemon claws your ogre. Amaemon tail-slaps your ogre.
You hit Amaemon.
Amaemon is heavily wounded.
You hit the orange demon.
You recover from your berserk rage.
You feel very sick.
Your ogre closely misses Amaemon.
You block the orange demon's attack.
The orange demon hits you but does no damage.
Amaemon gestures wildly while chanting.
Your ogre closely misses Amaemon.
You slash Amaemon! You headbutt Amaemon, but do no damage.
Amaemon is heavily wounded.
You hit the orange demon. You hit the scorpion but do no damage.
You feel very sick. The orange demon stings you!
* * * LOW HITPOINT WARNING * * *
You are lethally poisoned!
The orange demon poisons you! You block the orange demon's attack.
Amaemon hits you with a +0 demon whip of venom.
You die...

........... #.........
#..# #††# #†.# #..# #
#..# .# # ###4.### .#
..#.#.#†@6.#.###..#
.........sO.......#
...............s.......#
..........##.####..###..#
.........# ## #..# #..#
.........# #..# #..#
.........# #..# #..#
.........# #..# #..#
.........# ### #..###..#


You could see Amaemon (unable to see you, ally target), an orange demon (unable
to see you), 2 scorpions and a friendly ogre (summoned, berserk).

Vanquished Creatures
  Gastronok (D:8)
  Joseph (D:8)
  A rime drake (Lair:1)
  Psyche (D:8)
  A polar bear (Lair:1)
  3 hornets
  Grinder (D:3)
  Sigmund (D:6)
  6 yaks (Lair:1)
  A steam dragon (D:6)
  Edmund (D:5)
  2 water moccasins (Lair:1)
  5 black bears
  3 ice beasts
  2 sky beasts
  3 orc warriors
  3 ogres
  A centaur (D:5)
  2 kobold brigands (Sewer)
  2 bullfrogs
  3 scorpions
  A gnoll sergeant (D:7)
  2 hounds
  A jelly (D:4)
  5 orc priests
  Jessica (D:3)
  Natasha (thrice) (D:4)
  Crazy Yiuf (D:5)
  5 iguanas
  9 orc wizards
  7 adders
  8 gnolls (D:7)
  A shadow imp (D:8)
  A white imp (D:7)
  An ufetubus (D:7)
  A dart slug (D:1)
  47 orcs
  3 ball pythons
  8 bats
  5 endoplasms
  8 giant cockroaches
  3 goblins
  4 hobgoblins
  2 jackals (D:4)
  10 kobolds
  5 quokkas
  4 frilled lizards
  5 rats
195 creatures vanquished.

Vanquished Creatures (others)
  An orc wizard (D:3)
1 creature vanquished.

Grand Total: 196 creatures vanquished

Notes
Turn   | Place    | Note
-------+----------+-------------------------------------------
     0 | D:1      | qeuew the Minotaur Berserker began the quest for the Orb.
     0 | D:1      | Reached XP level 1. HP: 19/19 MP: 0/0
   154 | D:1      | Reached XP level 2. HP: 27/27 MP: 1/1
   199 | D:1      | Reached skill level 4 in Axes
   388 | D:1      | Found Demmulae's Weapon Shoppe.
   749 | D:1      | Gained mutation: You have hidden genetic potential. [potion
                  | of mutation]
   802 | D:2      | Reached XP level 3. HP: 33/33 MP: 2/2
   821 | D:2      | You fall into a shaft and drop 1 floor!
   839 | D:3      | Noticed Jessica
   855 | D:3      | Killed Jessica
   856 | D:3      | Reached XP level 4. HP: 24/40 MP: 3/3
   860 | D:3      | Gained mutation: Your mind is acute. (Int +4, Str/Dex -1)
                  | [hidden potential]
   894 | D:3      | Noticed Grinder
   904 | D:3      | Paralysed by Grinder for 3 turns
   916 | D:3      | Killed Grinder
   917 | D:3      | Reached skill level 5 in Axes
   917 | D:3      | Reached XP level 5. HP: 26/47 MP: 4/4
   934 | D:3      | Gained mutation: Your spells are a little harder to cast,
                  | but a little more powerful. [hidden potential]
   934 | D:3      | Lost mutation: You have hidden genetic potential. [hidden
                  | potential expressed]
  1042 | D:3      | Found a glowing drain.
  1051 | D:3      | Reached XP level 6. HP: 55/55 MP: 5/5
  1052 | D:3      | Reached ** piety under Trog
  1057 | Sewer    | Entered a sewer
  1154 | Sewer    | Reached skill level 5 in Fighting
  1154 | Sewer    | Reached skill level 6 in Axes
  1508 | D:2      | Found a sparkling altar of Nemelex Xobeh.
  1793 | D:2      | Identified the +5 whip of Lysenn {pain, rPois rN+}
  1802 | D:2      | Identified a scroll of acquirement
  1802 | D:2      | Acquired the +4 kite shield of the Unbroken {Harm Dex+4}
  1945 | D:3      | Found a shadowy altar of Dithmenos.
  2424 | D:3      | Found a shimmering blue altar of Sif Muna.
  2510 | D:4      | Noticed Natasha
  2521 | D:4      | Killed Natasha
  2575 | D:4      | Noticed Natasha
  2579 | D:4      | Killed Natasha
  2580 | D:4      | Reached XP level 7. HP: 61/61 MP: 6/6
  2666 | D:4      | Reached *** piety under Trog
  2666 | D:4      | Noticed Natasha
  2675 | D:4      | Killed Natasha
  2676 | D:4      | Reached skill level 1 in Shields
  2767 | D:4      | Reached skill level 7 in Axes
  3156 | D:5      | Entered Level 5 of the Dungeon
  3170 | D:5      | Reached skill level 5 in Armour
  3256 | D:5      | Reached XP level 8. HP: 70/70 MP: 7/7
  3266 | D:5      | Noticed Edmund
  3280 | D:5      | Killed Edmund
  3281 | D:5      | Reached skill level 8 in Axes
  3281 | D:5      | Reached skill level 5 in Dodging
  3321 | D:5      | Noticed a hornet
  3332 | D:5      | Killed a hornet
  3503 | D:5      | Found a runed translucent door.
  3504 | D:5      | Noticed Crazy Yiuf
  3609 | D:5      | Reached skill level 9 in Axes
  3631 | D:5      | Identified the +3 long sword of the Divine God {freeze, Fly
                  | rC+ Str+4}
  3864 | D:5      | Killed Crazy Yiuf
  3923 | D:5      | Acquired the +2 hat of Amorality {Str+5}
  4010 | D:6      | Noticed Sigmund
  4044 | D:6      | Killed Sigmund
  4097 | D:6      | Reached XP level 9. HP: 79/79 MP: 8/8
  4099 | D:6      | Found a broken altar of Ashenzari.
  4329 | D:6      | Reached **** piety under Trog
  4347 | D:6      | Found a staircase to the Ecumenical Temple.
  4668 | D:7      | Reached skill level 10 in Axes
  4689 | D:7      | Reached skill level 5 in Shields
  4742 | D:7      | Reached skill level 1 in Evocations
  5367 | D:8      | Found a white marble altar of Elyvilon.
  5369 | D:8      | Noticed Joseph
  5376 | D:8      | Paralysed by Joseph for 2 turns
  5397 | D:8      | Killed Joseph
  5398 | D:8      | Reached XP level 10. HP: 73/88 MP: 9/9
  5485 | D:8      | Noticed Gastronok
  5500 | D:8      | Killed Gastronok
  5501 | D:8      | Reached skill level 11 in Axes
  5586 | D:8      | Found Fisme's General Store.
  5600 | D:8      | Found Cojeq's Specific Store.
  5787 | D:8      | Noticed Psyche
  5794 | D:8      | Killed Psyche
  5945 | D:8      | Found a staircase to the Lair.
  6280 | Lair:1   | Entered Level 1 of the Lair of Beasts
  6434 | Lair:1   | Reached skill level 12 in Axes
  6456 | Lair:1   | Noticed an orange demon
  6460 | Lair:1   | Noticed Amaemon
  6473 | Lair:1   | Slain by Amaemon

Illustrated notes

Levels and vault maps discovered:
D:1:      lemuel_arrival_river_ford, layout_loops_ring, serial_shops,
          nicolae_shop_window_shopping, serial_park_tiny_1,
          minmay_worlds_worst_comb
D:2:      layout_basic, basic_altar
D:3:      layout_basic, mainiacjoe_overflow_brackets,
          lemuel_coloured_pillars_altar, gup_sewer_entry_pipe, uniq_grinder,
          uniq_jessica
D:4:      layout_basic, uniq_natasha
D:5:      layout_loops_ring, uniq_crazy_yiuf_cottage, uniq_edmund
D:6:      layout_basic, kennysheep_little_box,
          minmay_temple_entry_statues_pillars, uniq_sigmund
D:7:      layout_basic, grunt_decor_one_mirror, chequers_mini_garden,
          grunt_decor_resistance
D:8:      layout_loops_ring, elyvilon_altar_5, lair_entry_dummy, chequers_jeans,
          nicolae_specific_store, hangedman_decor_growths, uniq_joseph,
          uniq_gastronok, uniq_psyche
Lair:1:   minmay_guarded_unrand_snakebite, layout_small_grid, minmay_holes,
          lemuel_fruit_fields, uniq_amaemon

Skill      XL: |  1  2  3  4  5  6  7  8  9 10 |
---------------+-------------------------------+-----
Axes           | 4 5 6 7 9 10 12 | 12.0
Fighting       | 4 5 6 7 8 9 |  9.0
Armour         | 3 4 5 6 7 8 |  8.5
Dodging        | 3 4 5 6 7 |  7.8
Shields        | 2 4 5 7 |  7.0
Evocations     | 2 3 |  3.6

Action                     |  1- 3 |  4- 6 |  7- 9 | 10-12 || total
---------------------------+-------+-------+-------+-------++-------
  Melee: Hand axe          |    59 |   122 |   315 |   115 ||   611
         Headbutt          |     6 |    18 |    59 |    31 ||   114
         Punch             |     1 |       |       |       ||     1
 Invoke: Berserk           |       |     2 |     3 |     2 ||     7
         Trog's Hand       |       |     1 |     1 |     2 ||     4
         Brothers in Arms  |       |       |       |     1 ||     1
    Use: Potion            |     5 |     4 |       |     4 ||    13
         Scroll            |     3 |     8 |     2 |     1 ||    14
   Stab: Sleeping          |       |       |     1 |       ||     1
         Invisible         |       |       |       |     2 ||     2
 Armour: Animal skin       |     3 |       |       |       ||     3
         Leather armour    |    15 |    29 |    74 |    31 ||   149
  Dodge: Dodged            |    47 |    68 |   103 |    86 ||   304
  Block: Kite shield       |       |    10 |   171 |    95 ||   276
